 Dungeon Crawl Stone Soup version 0.27-a0-1189-gb8eb6cee8e (webtiles) character file.

Game seed: 5252425390832519726

155 leviel the Chopper (level 5, -1/47 HPs)
             Began as a Hill Orc Fighter on May 22, 2021.
             Slain by a hound (4 damage)
             ... on level 5 of the Dungeon.
             The game lasted 00:03:06 (2566 turns).

leviel the Chopper (Hill Orc Fighter)               Turns: 2566, Time: 00:03:06

Health: -1/47      AC: 12    Str: 20    XL:     5   Next: 37%
Magic:  5/5        EV:  3    Int:  8    God:
Gold:   113        SH:  9    Dex: 10    Spells: 4/4 levels left

rFire    . . .     SeeInvis .   i - +2 dagger (venom)
rCold    . . .     Faith    .   c - +0 kite shield
rNeg     . . .     Spirit   .   e - +0 plate armour
rPois    .         Reflect  .   l - +0 helmet
rElec    .         Harm     .   (no cloak)
rCorr    .         Rampage  .   (no gloves)
Will     .....                  (no boots)
Stlth    ..........             (no amulet)
HPRegen  0.15/turn              (no ring)
MPRegen  0.09/turn              (no ring)

@: flying
A: no striking features
a: no special abilities


You were on level 5 of the Dungeon.
You visited 1 branch of the dungeon, and saw 4 of its levels.

You collected 113 gold pieces.

Inventory:

Hand Weapons
 a - a +1 war axe
 i - a +2 dagger of venom (weapon)
Armour
 b - a +0 scale mail
 c - a +0 kite shield (worn)
 e - a +0 plate armour (worn)
 l - a +0 helmet (worn)
Scrolls
 g - a scroll of teleportation
 j - 5 scrolls of identify {unknown}
 k - a scroll of vulnerability
 m - a scroll of enchant weapon {@r3}
Potions
 d - a potion of might
 h - a potion of haste {unknown}


   Skills:
 + Level 4.4 Fighting
 + Level 1.4 Short Blades
 * Level 4.6 Axes
 + Level 4.0 Armour
 + Level 4.1 Shields


You had 4 spell levels left.
You didn't know any spells.
Your spell library contained the following spells:

 Spells                   Type           Power      Damage    Failure   Level
 Beastly Appendage        Tmut           0%         N/A       100%        1
 Wereblood                Tmut           0%         N/A       100%        2
 Spider Form              Tmut/Pois      0%         N/A       100%        3
 Ice Form                 Ice/Tmut       0%         N/A       100%        4
 Hydra Form               Tmut           0%         N/A       100%        5


Dungeon Overview and Level Annotations

Branches:
Dungeon (3/15)

Altars:

Shops:
D:1 (


Message History

The orc priest shouts, "Join the one true god or die!"
You hit the orc.
The orc is heavily wounded.
You block the orc's attack.
The orc priest calls upon Beogh to heal the orc.
The orc's wounds heal themselves!
You block the orc's attack. The orc hits you with a +0 war axe.
* * * LOW HITPOINT WARNING * * *
You completely miss the orc.
You kill the orc priest!
You block the orc's attack. The orc hits you but does no damage.
Your Armour skill increases to level 4!
You hit the orc.
The orc is poisoned.
The orc is heavily wounded.
You block the orc's attack. The orc hits you but does no damage.
Unknown command.
You hit the orc.
The orc looks as sick as possible!
The orc is severely wounded.
You block the orc's attack. x2
You completely miss the orc.
The hound barks!
You kill the orc!
The orc barely misses you.
You hit the orc.
The orc is lightly wounded.
The orc hits you with a +2 whip of freezing.
* * * LOW HITPOINT WARNING * * *
The orc freezes you.
* * * LOW HITPOINT WARNING * * *
You hit the orc.
The orc is poisoned.
The orc is severely wounded.
You block the orc's attack.
The orc hits you with a +2 whip of freezing.
* * * LOW HITPOINT WARNING * * *
The orc freezes you.
* * * LOW HITPOINT WARNING * * *
It was a potion of flight.
You feel very buoyant.
You fly up into the air.
The hound bites you.
You die...

#...####...h>
....#....... ###
#..........
...###........#
.............##.#
.................
#...........#
#...#.o)h...##
....#..@##...#..
.#......#.......
....................
#........##............
#........##............
..........###.#<.......
........#####.#.........
......#.###.#........#..
...#..#.................


You could see a hound and an orc (very poisoned).

Vanquished Creatures
  An orc priest (D:5)
  4 gnolls (D:3)
  3 adders
  An ufetubus (D:5)
  A worm (D:2)
  A dart slug (D:5)
  An orc (D:5)
  5 bats
  2 endoplasms (D:3)
  6 giant cockroaches
  A goblin (D:1)
  4 hobgoblins
  8 jackals
  2 quokkas
  5 ball pythons
  3 frilled lizards
  2 kobolds
  2 rats
52 creatures vanquished.

Notes
Turn   | Place    | Note
-------+----------+-------------------------------------------
     0 | D:1      | leviel the Hill Orc Fighter began the quest for the Orb.
     0 | D:1      | Reached XP level 1. HP: 19/19 MP: 1/1
   365 | D:1      | Reached XP level 2. HP: 24/27 MP: 2/2
   439 | D:1      | Found a faded altar of an unknown god.
   508 | D:1      | Found Ukepoach's Weapon Boutique.
  1186 | D:2      | Reached XP level 3. HP: 32/33 MP: 3/3
  1648 | D:2      | Reached XP level 4. HP: 27/40 MP: 4/4
  1994 | D:3      | Reached skill level 1 in Short Blades
  2117 | D:3      | Reached XP level 5. HP: 20/46 MP: 5/5
  2493 | D:3      | You fall into a shaft and drop 2 floors!
  2493 | D:5      | Entered Level 5 of the Dungeon
  2566 | D:5      | Slain by a hound

Illustrated notes

Levels and vault maps discovered:
D:1:      dpeg_arrival_tiny_a, layout_basic, serial_shops, shop_fountains,
          hellmonk_ecumenical_altar_run_dry, grunt_decor_cap
D:2:      layout_loops_corners
D:3:      layout_loops_ring
D:5:      layout_cave_pools, minmay_temple_entry_grid

Skill      XL: |  1  2  3  4  5 |
---------------+----------------+-----
Axes           | 3 4 |  4.6
Fighting       | 4 |  4.4
Short Blades   | 1 |  1.4
Shields        | 4 |  4.1
Armour         | 4 |  4.0

Action                   |  1- 3 |  4- 6 || total
-------------------------+-------+-------++-------
Melee: Dagger            |    97 |    73 ||   170
       War axe           |     3 |       ||     3
  Use: Scroll            |     5 |       ||     5
       Potion            |       |     1 ||     1
Armor: Plate armour      |    64 |    42 ||   106
Dodge: Dodged            |    11 |    17 ||    28
Block: Kite shield       |    55 |    45 ||   100

Table legend: (Time is in decaauts)
 A = Elapsed time spent in this place.
 B = Non-inter-level travel time spent in this place.
 C = Inter-level travel time spent in this place.
 D = Time resting spent in this place.
 E = Time spent auto-exploring this place.
 F = Levels seen in this place.
 G = Mean time per level.
                   A        B        C        D        E       F      G
               +--------+--------+--------+--------+--------+-----+--------+
         Total |   2599 |   2446 |    153 |    274 |   1799 |   4 |  649.8 |
       Dungeon |   2599 |   2446 |    153 |    274 |   1799 |   4 |  649.8 |
               +--------+--------+--------+--------+--------+-----+--------+

Top non-repeatable levels by time:
     D:2: 1020 daAuts
     D:1: 938 daAuts
     D:3: 564 daAuts
     D:5: 75 daAuts
